 Dungeon Crawl Stone Soup version 0.31-a0-188-g5e087ee2ca (webtiles) character file.

Game seed: 10855071434313612603

126 qw the Skirmisher (level 4, -1/25 HPs)
             Began as a Deep Elf Hunter on June 23, 2023.
             Slain by a rat (2 damage)
             ... on level 3 of the Dungeon.
             The game lasted 00:01:03 (2118 turns).

qw the Skirmisher (Deep Elf Hunter)                 Turns: 2118, Time: 00:01:04

Health: -1/25      AC:  5    Str: 10    XL:     4   Next: 84%
Magic:  6/6        EV: 12    Int: 14    God:
Gold:   133        SH:  0    Dex: 18    Spells: 3/3 levels left

rFire   . . .        Y - +2 shortbow
rCold   . . .        (shield currently unavailable)
rNeg    . . .        c - +0 leather armour
rPois   .            (no helmet)
rElec   .            g - +1 cloak
rCorr   .            (no gloves)
SInv    .            (no boots)
Will    .....        (no amulet)
Stlth   ++           (no ring)
HPRegen 0.24/turn    (no ring)
MPRegen 0.10/turn

%: no passive effects
@: no status effects
A: no striking features
a: no special abilities


You were on level 3 of the Dungeon.
You visited 1 branch of the dungeon, and saw 3 of its levels.

You collected 133 gold pieces.


   Skills:
 - Level 1.5 Fighting
 + Level 8.2 Ranged Weapons
 - Level 2.4 Dodging
 - Level 1.2 Stealth


You had 3 spell levels left.
You didn't know any spells.
Your spell library was empty.

Inventory:

Hand Weapons
 Y - a +2 shortbow (weapon)
Armour
 c - a +0 leather armour (worn)
 e - a +0 scale mail
 g - a +1 cloak (worn)
 j - a +0 helmet
Scrolls
 f - a scroll of identify
 i - a scroll of fear {unknown}
Potions
 a - a potion of ambrosia {unknown}
 b - 3 potions of curing
 d - a potion of degeneration {unknown}
 h - a potion of haste {unknown}
 k - a potion of enlightenment
 l - a potion of lignification {unknown}

Dungeon Overview and Level Annotations

Branches:
Dungeon (3/15)

Altars:
Xom


Message History

The arrow hits the ball python.
You kill the ball python!
You now have 133 gold pieces (gained 9).
A river rat comes into view.
You shoot an arrow. The arrow hits the ball python.
The ball python is heavily wounded.
You shoot an arrow.
The arrow completely misses the ball python.
You shoot an arrow. The arrow hits the ball python!
You kill the ball python!
You shoot an arrow. The arrow hits the river rat.
The river rat is heavily wounded.
You shoot an arrow.
The arrow hits the river rat but does no damage.
The river rat is heavily wounded.
You shoot an arrow. The arrow hits the river rat.
The river rat is severely wounded.
A rat comes into view.
You shoot an arrow.
The arrow completely misses the river rat.
The river rat bites you.
A giant cockroach comes into view.
You shoot an arrow.
The arrow hits the river rat but does no damage.
The river rat is severely wounded.
The river rat bites you!
You shoot an arrow. The arrow hits the river rat.
The river rat is almost dead.
The river rat bites you.
You shoot an arrow.
The arrow hits the river rat but does no damage.
The river rat is almost dead.
The river rat bites you.
You shoot an arrow. The arrow barely misses the river rat.
The river rat bites you. The rat closely misses you.
The river rat barely misses you.
You shoot an arrow. The arrow closely misses the river rat.
The arrow closely misses the giant cockroach.
The rat bites you.
You die...

#.##.# #.##.# #..
#7.7#.# #%. #P.P#.#
######.%# ##7.7#.#
#.../..# .#P.P#.##
#......# .#7.7#..##
#....B.# .#P.P#...#
#...rr.#
.#8.8#...###....@.#
.#P.P#...#...)/...#
.#7.7#.....#......#
.#P.P#.#.###......#
##7.7#...# ########
##P.P##### ##7.7#
######### ###.#
#....)..# .##.##
#.......#


You could see a river rat, a giant cockroach and a rat.

Vanquished Creatures
  2 adders
  A worm (D:3)
  3 dart slugs (D:2)
  6 orcs
  11 ball pythons
  7 endoplasms
  5 giant cockroaches
  3 hobgoblins
  4 jackals (D:1)
  12 kobolds
  6 quokkas
  3 bats
  6 frilled lizards
  7 goblins
  10 rats
86 creatures vanquished.

Notes
Turn   | Place    | Note
-------+----------+-------------------------------------------
     0 | D:1      | qw the Deep Elf Hunter began the quest for the Orb.
     0 | D:1      | Reached XP level 1. HP: 12/12 MP: 3/3
     0 | D:1      | 0 ||| qw: Version: 0.3-a-9-g12657ce
     0 | D:1      | 0 ||| qw: Game counter: 4039
     0 | D:1      | 0 ||| qw: Always use a shield: true
     0 | D:1      | 0 ||| qw: God list: Okawaru
     0 | D:1      | 0 ||| qw: Allow faded altars: false
     0 | D:1      | 0 ||| qw: Do Orc after D:15 true
     0 | D:1      | 0 ||| qw: Do second Lair branch before Depths: true
     0 | D:1      | 0 ||| qw: Lair rune preference: random
     0 | D:1      | 0 ||| qw: Plans: Normal
     0 | D:1      | 0 ||| PLANNING D:1-11
    20 | D:1      | 20 ||| DROPPING scroll of butterflies.
    81 | D:1      | Reached XP level 2. HP: 16/16 MP: 4/4
    82 | D:1      | Reached skill level 6 in Ranged Weapons
   226 | D:1      | HP: 4/16 [kobold/+0 whip (4)]
   369 | D:1      | Reached XP level 3. HP: 18/20 MP: 5/5
   683 | D:1      | 683 ||| UPGRADING to +1 cloak.
   688 | D:1      | 688 ||| READING scroll labelled YWKUAF VORO.
   689 | D:1      | 689 ||| READING scroll labelled ZUMOENLYRHO.
   690 | D:1      | 690 ||| READING scroll labelled XATTU BICRO.
   691 | D:1      | 691 ||| READING scroll labelled POKHEK UMIRUK.
   692 | D:1      | 692 ||| DRINKING 4 sedimented brown potions.
   693 | D:1      | 693 ||| DRINKING 2 red potions.
   752 | D:2      | Reached skill level 7 in Ranged Weapons
   835 | D:2      | Found a shimmering altar of Xom.
  1155 | D:2      | Reached XP level 4. HP: 22/25 MP: 6/6
  1436 | D:2      | 1436 ||| READING scroll labelled WUP QUUHEDIU.
  1456 | D:3      | 1456 ||| PLANNING SEWER
  1463 | D:3      | 1463 ||| STAIRDANCE
  1478 | D:3      | 1478 ||| READING scroll of enchant weapon.
  1478 | D:3      | 1478 ||| ENCHANTING +1 shortbow.
  1587 | D:3      | 1587 ||| Stepping ~*~*~tactically~*~*~ (outnumbered).
  1589 | D:3      | 1589 ||| Stepping ~*~*~tactically~*~*~ (outnumbered).
  1591 | D:3      | 1591 ||| Stepping ~*~*~tactically~*~*~ (outnumbered).
  1599 | D:3      | Reached skill level 8 in Ranged Weapons
  1603 | D:3      | 1603 ||| FLEEEEING.
  1676 | D:3      | Identified the +1 plate armour of Yesterday {rCorr}
  2088 | D:3      | 2088 ||| RIP SEWER
  2092 | D:3      | 2092 ||| PLANNING D:1-11
  2116 | D:3      | HP: 5/25 [river rat (5)]
  2117 | D:3      | HP: 1/25 [river rat (4)]
  2118 | D:3      | Slain by a rat

Levels and vault maps discovered:
D:1:      eino_arrival_water_cross, layout_loops_ring, serial_park_tiny_1
D:2:      layout_loops_ring, basic_altar, grunt_decor_resistance
D:3:      layout_rooms, portal_sewer_entry_b, dk_noncrumbling_2,
          dreamdust_princess_corridor, lexackson_kobold_supper

Skill      XL: |  1  2  3  4 |
---------------+-------------+-----
Ranged Weapons | 6 7 8 |  8.2
Fighting       | |  1.5
Dodging        | |  2.4
Stealth        | |  1.2

Action                     |  1- 3 |  4- 6 || total
---------------------------+-------+-------++-------
   Fire: Shortbow          |   155 |    89 ||   244
    Use: Scroll            |     4 |     2 ||     6
         Potion            |     2 |       ||     2
 Armour: Leather armour    |    17 |     8 ||    25
  Dodge: Dodged            |    34 |    19 ||    53

Table legend:
 A = Non-vault XP
 B = Vault XP
 C = Vault XP percentage of total XP
 D = Non-vault monster count
 E = Vault monster count
 F = Vault count percentage of total count
                 A         B        C        D         E       F
            +---------+---------+-------+---------+---------+-------
      Total |     167 |      14 |   7.7 |      75 |      11 |  12.8
            +---------+---------+-------+---------+---------+-------
        D:1 |      56 |       0 |   0.0 |      35 |       0 |   0.0
        D:2 |      69 |       0 |   0.0 |      26 |       0 |   0.0
        D:3 |      42 |      14 |  25.0 |      14 |      11 |  44.0
            +---------+---------+-------+---------+---------+-------
